 Dungeon Crawl Stone Soup version 0.29.1-14-g9c671dbff4 (webtiles) character file.

Game seed: 2794506684088415837

2653 Eryximachus the Reanimator (level 9, -8/68 HPs)
             Began as a Mummy Necromancer on Jan 14, 2023.
             Was an Initiate of Gozag.
             Mangled by a wight
             ... wielding a +2 hand axe of freezing
              (13 damage)
             ... on level 8 of the Dungeon on Feb 19, 2023.
             The game lasted 00:31:30 (9640 turns).

Eryximachus the Reanimator (Mummy Necromancer)      Turns: 9640, Time: 00:31:30

Health: -8/68      AC:  4    Str: 17    XL:     9   Next: 36%
Magic:  16/16      EV: 11    Int: 18    God:    Gozag
Gold:   568        SH:  9    Dex: 13    Spells: 4/18 levels left

rFire   x . .      SeeInvis .   h - +1 whip (flame)
rCold   + . .      Faith    .   g - +0 kite shield
rNeg    + + +      Spirit   .   a - +0 robe
rPois   ∞          Reflect  .   (no helmet)
rElec   .          Harm     .   p - +0 cloak
rCorr   .          Rampage  .   (no gloves)
Will    +....                   m - +0 pair of boots
Stlth   ++........              j - amulet of regeneration
HPRegen 1.01/turn               S - +6 ring of strength
MPRegen 0.15/turn               (no ring)

@: no status effects
A: cold resistance 1, negative energy resistance 3, torment resistance 2, heat
vulnerability 1, in touch with death 1, no potions
a: Renounce Religion, Potion Petition, Call Merchant, Bribe Branch


You were on level 8 of the Dungeon.
You worshipped Gozag.
Gozag was pleased with you.
You visited 2 branches of the dungeon, and saw 9 of its levels.

You collected 913 gold pieces.
You paid 345 gold pieces to Gozag.


Innate Abilities, Weirdness & Mutations

You are immune to poison.
Your flesh is cold resistant. (rC+)
You are immune to negative energy. (rN+++)
You are immune to unholy pain and torment.
You are vulnerable to heat. (rF-)
You are in touch with the powers of death.
You do not drink.


   Skills:
 + Level 5.1 Fighting
 + Level 3.8 Dodging
 - Level 3.0 Stealth
 * Level 3.9 Shields
 - Level 5.0 Spellcasting
 * Level 1.2 Conjurations
 + Level 9.0 Necromancy
 * Level 1.2 Earth Magic


You had 4 spell levels left.
You knew the following spells:

 Your Spells              Type           Power      Damage    Failure   Level
a - Animate Dead          Necr           54%        N/A       10%         4
s - Iron Shot             Conj/Erth      4%         9d2       100%        6
v - Vampiric Draining     Necr           54%        2d9       3%          3
X - Necrotise             Necr           100%       1d9       1%          1

Your spell library contained the following spells:

 Spells                   Type           Power      Damage    Failure   Level
 Animate Armour           Summ/Erth      12%        N/A       97%         4
 Agony                    Necr           54%        N/A       26%         5
 Blade Hands              Tmut           Unusable   N/A       N/A         5

Inventory:

Hand Weapons
 e - a +1 dagger of freezing
 h - a +1 whip of flaming (weapon)
Missiles
 d - 4 poisoned darts (quivered)
Armour
 a - a +0 robe (worn)
 g - a +0 kite shield (worn)
 i - a +0 leather armour
 m - a +0 pair of boots (worn)
 p - a +0 cloak (worn)
Magical Staves
 u - a staff of poison {!a}
Jewellery
 j - an amulet of regeneration (around neck)
 l - an amulet of the acrobat
 C - a ring of ice
 L - a ring of flight
 S - a +6 ring of strength (left hand)
Wands
 o - a wand of light (8)
 q - a wand of polymorph (7)
Scrolls
 b - a scroll of enchant weapon
 c - a scroll of noise
 f - 2 scrolls of poison
 k - a scroll of immolation
 n - 2 scrolls of teleportation {@r2}
 r - 3 scrolls of identify {@r1}
 s - 2 scrolls of torment
 t - a scroll of vulnerability

Dungeon Overview and Level Annotations

Branches:
Dungeon (8/15)             Temple (1/1) D:4
   Lair: D:8-11

Altars:
Ashenzari
Cheibriados
Dithmenos
Fedhas
Gozag
Hepliaklqana
Kikubaaqudgha
Makhleb
Nemelex Xobeh
Okawaru
Qazlal
Ru
Sif Muna
Trog
Uskayaw
Vehumet
Wu Jian
Xom
Yredelemnul

Shops:
D:2 (

Annotations:
D:3 Grinder
D:4 exclusion: 3 doors

#.# #.# #.#
#$# #.# #.#
#.# #.# #.#
#.# #.# #.#
#.# #.#
#.########.#
#....>z@...#
############


You could see a wight.


Message History

You closely miss the wight.
The wight is lightly damaged.
You block the wight's attack.
You closely miss the wight.
The wight is lightly damaged.
The wight completely misses you.
You hit the wight. You burn the wight.
The wight is moderately damaged.
The wight hits you with a +2 hand axe of freezing!
* * * LOW HITPOINT WARNING * * *
You hit the wight. You burn the wight.
The wight is almost destroyed.
The wight hits you but does no damage.
The wight hits you with a +2 hand axe of freezing!
* * * LOW HITPOINT WARNING * * *
The wight freezes you.
* * * LOW HITPOINT WARNING * * *
You hit the wight but do no damage.
The wight is almost destroyed.
The wight hits you with a +2 hand axe of freezing.
* * * LOW HITPOINT WARNING * * *
You hit the wight but do no damage.
The wight is almost destroyed.
The wight hits you with a +2 hand axe of freezing!
* * * LOW HITPOINT WARNING * * *
You hit the wight but do no damage.
The wight is almost destroyed.
The wight hits you with a +2 hand axe of freezing!
You die...
Your body crumbles into a pile of gold.

Skill      XL: |  1  2  3  4  5  6  7  8  9 |
---------------+----------------------------+-----
Spellcasting   | 3 4 5 |  5.0
Stealth        | 2 3 |  3.0
Dodging        | 2 3 |  3.8
Necromancy     | 5 6 7 8 9 |  9.0
Fighting       | 1 3 4 5 |  5.1
Shields        | 3 |  3.9
Conjurations   | 1 |  1.2
Earth Magic    | 1 |  1.2

Action                   |  1- 3 |  4- 6 |  7- 9 || total
-------------------------+-------+-------+-------++-------
Melee: Unarmed           |     2 |       |       ||     2
       Dagger            |    39 |    16 |       ||    55
       Whip              |       |    78 |   252 ||   330
       Punch             |       |     1 |       ||     1
Throw: Dart              |       |       |     1 ||     1
 Cast: Necrotise         |    46 |    56 |    29 ||   131
       Vampiric Draining |     1 |     2 |    43 ||    46
Invok: Potion Petition   |       |       |     1 ||     1
  Use: Scroll            |       |     1 |     7 ||     8
 Stab: Sleeping          |     1 |     4 |     2 ||     7
       Distracted        |       |     1 |       ||     1
Armor: Robe              |     9 |    27 |    66 ||   102
Dodge: Dodged            |    22 |    79 |   197 ||   298
Block: Kite shield       |       |       |    96 ||    96

Levels and vault maps discovered:
D:1:      heliophobic_arrival_enchanted_forest, layout_basic,
          nicolae_grassy_gnolls
D:2:      layout_rooms, serial_shops, shop_fountains, basic_altar, serial_glass,
          glass_columns_a, glass_columns_a, glass_columns_a, glass_columns_a,
          glass_columns_a, minmay_strange_pillars, minmay_strange_pillars,
          feat_on_display, uniq_natasha
D:3:      layout_loops_cross, uniq_grinder
D:4:      layout_gridville, minmay_temple_entry_tees, serial_bayou_pond_a
D:5:      layout_loops_ring
D:6:      layout_basic, gammafunk_temple_overflow_claw, serial_park_tiny_2,
          abandoned_shop, minmay_fractal_squares_gapless_5
D:7:      layout_loops_ring, enter_bailey_2, david_defended_altar_orc
D:8:      layout_basic, gammafunk_ghost_abyssal_escape
Temple:   nicolae_temple_bog_church

Notes
Turn   | Place    | Note
-------+----------+-------------------------------------------
     0 | D:1      | Eryximachus the Mummy Necromancer began the quest for the
                  | Orb.
     0 | D:1      | Reached XP level 1. HP: 13/13 MP: 4/4
   282 | D:1      | Reached skill level 3 in Spellcasting
   282 | D:1      | Reached XP level 2. HP: 19/19 MP: 0/6
   785 | D:1      | Reached skill level 2 in Stealth
   967 | D:1      | Reached skill level 2 in Dodging
  1170 | D:2      | Gained mutation: You are in touch with the powers of death.
                  | [Mummy growth]
  1170 | D:2      | Reached XP level 3. HP: 24/24 MP: 2/7
  1174 | D:2      | Learned a level 3 spell: Vampiric Draining
  1568 | D:2      | Reached skill level 5 in Necromancy
  1908 | D:2      | Noticed Natasha
  1914 | D:2      | Killed Natasha
  1915 | D:2      | Reached XP level 4. HP: 20/30 MP: 3/8
  2117 | D:2      | Found a hazy altar of Hepliaklqana.
  2141 | D:2      | Found Kirphisk's Antique Weapon Shop.
  2231 | D:2      | Noticed Natasha
  2236 | D:2      | Killed Natasha
  2352 | D:2      | Noticed Natasha
  2357 | D:2      | Killed Natasha
  2358 | D:2      | Reached skill level 6 in Necromancy
  2358 | D:2      | Reached XP level 5. HP: 31/35 MP: 4/9
  2480 | D:2      | Learned a level 4 spell: Animate Dead
  2716 | D:3      | Upgraded the game from 0.29.1-12-g30fa7ad0bf to
                  | 0.29.1-14-g9c671dbff4
  3067 | D:3      | Noticed Grinder
  3270 | D:4      | Found a staircase to the Ecumenical Temple.
  3282 | D:4      | Reached skill level 1 in Fighting
  3362 | D:4      | Reached XP level 6. HP: 43/44 MP: 5/11
  3552 | Temple   | Entered the Ecumenical Temple
  3682 | Temple   | Became a worshipper of Gozag Ym Sagoz the Greedy
  3784 | D:4      | Reached skill level 4 in Spellcasting
  4013 | D:4      | Reached skill level 2 in Fighting
  4389 | D:5      | Entered Level 5 of the Dungeon
  4520 | D:5      | Reached skill level 3 in Fighting
  4583 | D:5      | Reached skill level 7 in Necromancy
  4583 | D:5      | Reached XP level 7. HP: 44/52 MP: 3/13
  5601 | D:4      | Reached skill level 8 in Necromancy
  6118 | D:6      | Reached XP level 8. HP: 36/58 MP: 0/14
  6995 | D:6      | Found a shadowy altar of Dithmenos.
  6997 | D:6      | Found a blossoming altar of Fedhas.
  7946 | D:7      | Reached skill level 1 in Shields
  7997 | D:7      | Reached skill level 3 in Stealth
  7997 | D:7      | Reached skill level 5 in Spellcasting
  8074 | D:7      | Reached skill level 4 in Fighting
  8116 | D:7      | Reached skill level 3 in Dodging
  8116 | D:7      | Reached skill level 2 in Shields
  8135 | D:7      | Noticed a hornet
  8187 | D:7      | Killed a hornet
  8317 | D:7      | Reached skill level 3 in Shields
  8345 | D:7      | Reached XP level 9. HP: 66/66 MP: 9/16
  8588 | D:7      | Learned a level 6 spell: Iron Shot
  9194 | D:8      | Reached skill level 9 in Necromancy
  9269 | D:8      | Reached skill level 5 in Fighting
  9394 | D:8      | Reached skill level 1 in Conjurations
  9394 | D:8      | Reached skill level 1 in Earth Magic
  9639 | D:8      | HP: 4/68 [wight/+2 hand axe of freezing (9)]
  9640 | D:8      | Mangled by a wight

Vanquished Creatures
  A hornet (D:7)
  A wyvern (D:8)
  A steam dragon (D:7)
  A water moccasin (D:7)
  3 ice beasts
  A sky beast (D:7)
  A black bear (D:7)
  2 ogres
  A kobold brigand (D:8)
  A bullfrog (D:7)
  2 gnoll sergeants (D:6)
  A necrophage (D:5)
  A scorpion (D:4)
  3 wights (D:8)
  A howler monkey (D:8)
  4 hounds
  A jelly (D:8)
  A gnoll bouda (D:4)
  6 orc priests
  2 iguanas
  Natasha (thrice) (D:2)
  4 orc wizards
  8 gnolls
  10 adders
  2 white imps
  An ufetubus (D:7)
  A worm (D:2)
  5 dart slugs
  16 orcs
  6 ball pythons
  5 endoplasms
  3 giant cockroaches
  15 goblins
  4 hobgoblins
  3 jackals (D:5)
  3 quokkas
  3 bats
  3 frilled lizards
  8 kobolds
  4 rats
142 creatures vanquished.

Vanquished Creatures (collateral kills)
  An adder (D:2)
  A gnoll (D:4)
  A kobold (D:1)
  A frilled lizard (D:1)
4 creatures vanquished.

Vanquished Creatures (others)
  13 plants
13 creatures vanquished.

Grand Total: 159 creatures vanquished

Table legend: (Time is in decaauts)
 A = Elapsed time spent in this place.
 B = Non-inter-level travel time spent in this place.
 C = Inter-level travel time spent in this place.
 D = Time resting spent in this place.
 E = Time spent auto-exploring this place.
 F = Levels seen in this place.
 G = Mean time per level.
                   A        B        C        D        E       F      G
               +--------+--------+--------+--------+--------+-----+--------+
         Total |   9720 |   9269 |    451 |   2364 |   4134 |   9 | 1080.0 |
       Dungeon |   9550 |   9126 |    424 |   2364 |   4013 |   8 | 1193.8 |
        Temple |    170 |    144 |     26 |      0 |    120 |   1 |  170.0 |
               +--------+--------+--------+--------+--------+-----+--------+

Top non-repeatable levels by time:
     D:6: 1825 daAuts
     D:4: 1478 daAuts
     D:2: 1352 daAuts
     D:1: 1331 daAuts
     D:7: 1309 daAuts
     D:5: 1098 daAuts
     D:3: 626 daAuts
     D:8: 527 daAuts
  Temple: 170 daAuts

Table legend:
 A = Non-vault XP
 B = Vault XP
 C = Vault XP percentage of total XP
 D = Non-vault monster count
 E = Vault monster count
 F = Vault count percentage of total count
                 A         B        C        D         E       F
            +---------+---------+-------+---------+---------+-------
      Total |    3497 |     293 |   7.7 |     138 |       8 |   5.5
            +---------+---------+-------+---------+---------+-------
        D:1 |      43 |      14 |  24.6 |      25 |       1 |   3.8
        D:2 |     158 |      36 |  18.6 |      20 |       1 |   4.8
        D:3 |      29 |       0 |   0.0 |       7 |       0 |   0.0
        D:4 |     355 |       0 |   0.0 |      29 |       0 |   0.0
        D:5 |     575 |       0 |   0.0 |      12 |       0 |   0.0
        D:6 |     326 |     115 |  26.1 |      17 |       3 |  15.0
        D:7 |    1408 |     128 |   8.3 |      18 |       3 |  14.3
        D:8 |     603 |       0 |   0.0 |      10 |       0 |   0.0
            +---------+---------+-------+---------+---------+-------
